 Dungeon Sprint DCSS version 0.30-a0-49-g1cef19eb02 (webtiles) character file.

Game seed: 15977402953371138931

21 rocky1 the Shield-Bearer (level 2, 0/20 HPs)
             Began as a Gargoyle Fighter on Sept 3, 2022.
             Slain by a wolf (3 damage)
             ... in the Dungeon (Sprint III: "The Ten Rune Challenge").
             The game lasted 00:00:28 (309 turns).

rocky1 the Shield-Bearer (Gargoyle Fighter)          Turns: 309, Time: 00:00:29

Health: 0/20       AC:  9    Str: 19    XL:     2   Next: 87%
Magic:  2/2        EV:  9    Int:  8    God:
Gold:   0          SH:  4    Dex:  9    Spells: 1/1 levels left

rFire   . . .      SeeInvis .    a - +0 flail
rCold   . . .      Faith    .    c - +0 buckler
rNeg    + . .      Spirit   .    b - +0 scale mail
rPois   ∞          Reflect  .    (no helmet)
rElec   +          Harm     .    (no cloak)
rCorr   .          Rampage  .    (no gloves)
Will    .....      NoTele   +    (no boots)
Stlth   ..........               (no amulet)
HPRegen 0.06/turn                (no ring)
MPRegen 0.08/turn                (no ring)

@: no status effects
A: sickness immunity, AC +2, negative energy resistance 1, electricity
resistance, torment resistance 1, petrification resistance
a: no special abilities


You were in the Dungeon.
You visited 1 branch

Inventory:

Hand Weapons
 a - a +0 flail (weapon)
Armour
 b - a +0 scale mail (worn)
 c - a +0 buckler (worn)
Scrolls
 j - a scroll of blinking
Potions
 d - a potion of might
 e - a potion of curing
 g - a potion of haste
 h - 2 potions of magic
 i - a potion of berserk rage
 k - a potion of degeneration {unknown}


   Skills:
 + Level 4.7 Fighting
 + Level 3.6 Maces & Flails
 - Level 3.2 Armour
 + Level 4.8 Shields


You had one spell level left.
You didn't know any spells.
Your spell library was empty.

Dungeon Overview and Level Annotations

Branches:
Dungeon (1/1)

Altars:


Innate Abilities, Weirdness & Mutations

You are immune to sickness and miasma.
Your stone body is resilient. (AC +2)
You are immune to poison.
You resist negative energy. (rN+)
You are resistant to electric shocks. (rElec)
You are resistant to unholy torment.
You are immune to petrification.


Message History

The human hits you. You block the human's attack.
You hit the human.
The human is heavily wounded.
You block the human's attack.
You barely miss the human.
The human is heavily wounded.
The human closely misses you.
You barely miss the human.
The human is heavily wounded.
The human hits you but does no damage. The human barely misses you.
You sock the human!
The human is almost dead.
The human barely misses you.
You sock the human!
You kill the human!
Your Fighting skill increases to level 4!
Your Maces & Flails skill increases to level 3!
Your Shields skill increases to level 4!
You have reached level 2!
You start resting.
You start resting.
You start resting.
HP restored.
You see here a human corpse.
A wolf comes into view.
The wolf howls!
The wolf bites you.
You closely miss the wolf. The wolf barely misses you.
You block the wolf's attack.
You barely miss the wolf. You block the wolf's attack. The wolf bites you.
You completely miss the wolf. The wolf bites you.
* * * LOW HITPOINT WARNING * * *
The wolf bites you but does no damage.
You closely miss the wolf. You block the wolf's attack.
The wolf bites you but does no damage.
You hit the wolf but do no damage. The wolf bites you.
* * * LOW HITPOINT WARNING * * *
The wolf bites you but does no damage. You block the wolf's attack.
You miss the wolf. The wolf bites you but does no damage. The wolf bites you.
You die...

▓▓▓▓ ▓▓▓▓▓ ▓<.#
+...♣♣♣ ▓..#
#.....♣
▓#'####.....♣
▓.....#....~♣
▓.....#...~~♣♣♣♣
▓....[#h.~~~~..♣.
▓####'#@.~≈≈~~~..
▓...††#.~~≈~~~...
▓.....#.~≈~~~....
▓.....#.~~~......
▓'#####..........
▓....†...........
▓▓▓▓▓▓▓▓▓▓▓▓▓▓▓▓▓


You could see a wolf.

Vanquished Creatures
  A human (D)
  An endoplasm (D)
  3 rats (D)
5 creatures vanquished.

Notes
Turn   | Place    | Note
-------+----------+-------------------------------------------
     0 | D        | rocky1 the Gargoyle Fighter began the quest for the Orb.
     0 | D        | Reached XP level 1. HP: 14/14 MP: 1/1
   162 | D        | Reached XP level 2. HP: 11/20 MP: 2/2
   309 | D        | Slain by a wolf

Illustrated notes

Levels and vault maps discovered:
D:        dungeon_sprint_mu [sprint_mu_entry_forest, sprint_mu_temple_rooms,
          sprint_mu_d1_spiders, sprint_mu_d2_genie, sprint_mu_d3_branching,
          sprint_mu_orc_legion, sprint_mu_elf_gauntlet, sprint_mu_hive_nellie,
          sprint_mu_lair_fedhas, sprint_mu_vaults_butterflies,
          sprint_mu_slime_circle, sprint_mu_swamp_cave, sprint_mu_snake_twists,
          sprint_mu_blade_basic, sprint_mu_crypt_fortress,
          sprint_mu_tomb_spiral, sprint_mu_vestibule_basic,
          sprint_mu_gehenna_hellfire, sprint_mu_dis_giant,
          sprint_mu_tartarus_statrot, sprint_mu_cocytus_islands, sprint_mu_zot1]

Skill      XL: |  1 |
---------------+----+-----
Fighting       | 4 |  4.7
Maces & Flails | 3 |  3.6
Shields        | 4 |  4.8
Armour         | |  3.2

Action                   || total
-------------------------++-------
Melee: Flail             ||    27
  Use: Potion            ||     1
Armor: Scale mail        ||    12
Dodge: Dodged            ||     8
Block: Buckler           ||     9

Table legend: (Time is in decaauts)
 A = Elapsed time spent in this place.
 B = Non-inter-level travel time spent in this place.
 C = Inter-level travel time spent in this place.
 D = Time resting spent in this place.
 E = Time spent auto-exploring this place.
 F = Levels seen in this place.
 G = Mean time per level.
                   A        B        C        D        E       F      G
               +--------+--------+--------+--------+--------+-----+--------+
         Total |    316 |    316 |      0 |    235 |      0 |   1 |  316.0 |
       Dungeon |    316 |    316 |      0 |    235 |      0 |   1 |  316.0 |
               +--------+--------+--------+--------+--------+-----+--------+

Top non-repeatable levels by time:
       D: 316 daAuts
